 Dungeon Crawl Stone Soup version 0.14.0-17-gc0b17a5 (webtiles) character file.

122525 Infinimo the Executioner (level 16, -16/223 HPs)
             Began as a Minotaur Berserker on Apr 18, 2014.
             Was the Champion of Trog.
             Killed from afar by Mara (illusionary) (29 damage)
             ... with a bolt of fire
             ... on Level 4 of the Snake Pit.
             The game lasted 01:23:29 (36278 turns).

Infinimo the Executioner (Minotaur Berserker)      Turns: 36278, Time: 01:23:30

HP -16/223       AC 23     Str 32      XL: 16   Next: 33%
MP   6/6         EV 13     Int  8      God: Trog [******]
Gold 548         SH  0     Dex 13      Spells:  0 memorised, 15 levels left

rFire  . . .     SeeInvis +     g - +6,+7 executioner's axe (vamp)
rCold  . . .     Clarity  .     L - +1 plate armour {MR+}
rNeg   . . .     Conserve +     (no shield)
rPois  +         rCorr    .     w - +2 hat {SInv}
rElec  .         rRot     .     u - +0 cloak {+Inv} (curse)
SustAb . .       Spirit   .     R - +0 pair of gloves {Str+3}
rMut   .         Warding  .     (no boots)
Saprov . . .     Stasis   .     V - amulet of conservation
MR     ++...                    y - ring of poison resistance
                                j - +5 ring of evasion

@: berserking, very quick, very resistant to hostile enchantments, extremely
unstealthy
A: retaliatory headbutt, horns 2, strong 1
a: Burn Spellbooks, Berserk, Trog's Hand, Brothers in Arms, Renounce Religion,
Evoke Invisibility


You were on level 4 of the Snake Pit.
You worshipped Trog.
Trog was exalted by your worship.
You were hungry.

You visited 4 branches of the dungeon, and saw 31 of its levels.
You also visited: Sewer, Bailey and Ice Cave.

You collected 2932 gold pieces.
You spent 2384 gold pieces at shops.

Inventory:

Hand weapons
 g - a +6,+7 vampiric executioner's axe (weapon)
Armour
 u - a cursed +0 cloak of darkness (worn)
 w - a +2 hat of see invisible (worn)
 L - a +1 plate armour of magic resistance (worn)
 R - a +0 pair of gloves of strength (worn)
Magical devices
 a - a wand of digging (8)
 m - a wand of heal wounds (3)
 q - a wand of teleportation (3)
 s - a wand of lightning (4)
 t - a wand of cold (9) {unknown}
Comestibles
 c - 7 bread rations
 f - 4 apples
 l - 4 chokos
 o - 7 meat rations
 z - 13 bananas
 A - a chunk of shock serpent flesh
 D - 2 cheeses
 F - 2 slices of pizza
 H - a beef jerky
 M - 4 royal jellies
 O - an orange
 S - 8 pears
Scrolls
 h - 13 scrolls of teleportation
 k - 3 scrolls of fog
 n - 2 scrolls of summoning
 r - a scroll of vulnerability
 B - 3 scrolls of identify
 C - 14 scrolls of remove curse
 K - 4 scrolls of fear
 T - a scroll of blinking
Jewellery
 j - a +5 ring of evasion (left hand)
 p - an uncursed ring of flight
 x - an uncursed ring of positive energy
 y - a ring of poison resistance (right hand)
 E - a +3 ring of protection
 Q - a cursed ring of teleportation
 U - an uncursed amulet of resist corrosion {unknown}
 V - an amulet of conservation (around neck)
 X - an uncursed amulet of clarity
 Y - an uncursed ring of ice {unknown}
Potions
 b - 2 potions of berserk rage
 d - 8 potions of magic
 e - 15 potions of curing
 i - 2 potions of restore abilities
 v - a potion of might
 G - a potion of agility
 I - a potion of haste
 N - 8 potions of invisibility
 W - a potion of degeneration {unknown}
Miscellaneous
 P - a legendary deck of war {the Warp}


   Skills:
 + Level 15.2 Fighting
 * Level 25.0 Axes
 + Level 14.8 Armour
 - Level 2.1 Dodging


You had 15 spell levels left.
You didn't know any spells.

Dungeon Overview and Level Annotations

Branches:
Dungeon (15/15)            Temple (0/1) D:6             Orc (4/4) D:10
    Elf (0/3) Orc:3          Lair (8/8) D:9           Swamp (0/5) Lair:5
  Snake (4/5) Lair:3        Slime (0/6) Lair:6       Vaults (0/5) D:14
 Depths (0/5) D:15

Altars:
Cheibriados
Dithmenos
Fedhas
Kikubaaqudgha
Makhleb
Trog
Vehumet

Shops:
D:4 (   D:15 (   Orc:1 %   Orc:2 ?   Orc:4 (}*=?   Snake:1 [

Annotations:
Snake:4 Mara


Innate Abilities, Weirdness & Mutations

You reflexively headbutt those who attack you in melee.
You have a pair of horns on your head.
Your muscles are strong. (Str +2)


Message History

You slice Mara!! You headbutt Mara!
Mara is heavily wounded.
You are feeling hungry.
Infinimo's illusion hits you.
* * * LOW HITPOINT WARNING * * *
Mara blinks!
Unknown command.
You are too berserk!
You are too berserk!
Infinimo's illusion is heavily wounded.
Mara is heavily wounded.
Mara blinks!
You hit Infinimo's illusion.
Infinimo's illusion is heavily wounded.
You hit Mara.
Mara is heavily wounded.
Infinimo's illusion hits you!
* * * LOW HITPOINT WARNING * * *
Mara gestures at you. The bolt of fire hits you!
You die...

+...............####..
#....:.......<........
...........#%.......##.
.........###.......##
.........###.......#
###.......##.§....##
#........#......#
#............R..R
#...##...@§....... ...
#..R.@...§... .
#...........
#.........%.
.......?.....
......#####.. ....# #
..#


You could see 3 Maras and Infinimo's illusion.

Vanquished Creatures
  Vashnia (Snake:2)
  Rupert (Snake:3)
  Agnes (Snake:2)
  Snorg (Orc:1)
  4 naga warriors
  7 anacondas
  2 tengu warriors (D:15)
  2 shock serpents
  5 orc high priests (Orc:4)
  13 naga sharpshooters
  2 centaur warriors (D:15)
  Nergalle (D:15)
  A wizard (D:14)
  Erolcha (D:8)
  2 skeletal warriors
  A salamander mystic (Snake:2)
  4 unseen horrors
  5 naga ritualists
  5 hill giants
  A lindwurm (shapeshifter) (D:15)
  7 orc knights
  A harpy (shapeshifter) (D:15)
  Pikel (D:7)
  A necromancer (D:14)
  A cyclops (D:12)
  A cyclops (shapeshifter) (D:15)
  3 salamanders
  2 griffons
  2 mana vipers
  3 elephants (Lair:8)
  17 black mambas
  2 orc sorcerers
  An eye of devastation (shapeshifter) (D:15)
  21 spiny frogs
  Psyche (D:11)
  7 fire drakes
  15 naga magi
  2 kobold demonologists (D:11)
  3 trolls
  Grinder (D:5)
  4 boggarts (D:15)
  A troll (shapeshifter) (D:15)
  11 komodo dragons
  2 centaur skeletons (D:14)
  2 giant leeches (Lair:8)
  Sonja (D:10)
  A wolf spider simulacrum (D:15)
  Prince Ribbit (D:5)
  3 ravens (D:15)
  4 two-headed ogres
  17 blink frogs
  3 wandering mushrooms
  2 boulder beetles (Lair:8)
  A vampire (D:15)
  12 slime creatures
  2 basilisks
  A wraith (D:10)
  A ynoxinul (Orc:1)
  39 yaks
  5 deep elf magi
  An elephant slug (Lair:6)
  10 ugly things
  4 wyverns
  8 hippogriffs
  4 humans (D:9)
  A deep elf fighter (Bailey)
  9 vampire mosquitoes (Lair:8)
  8 sharks
  A centaur simulacrum (D:15)
  A hill giant skeleton (D:13)
  3 hungry ghosts
  2 wargs
  Edmund (D:6)
  22 water moccasins
  A swamp worm (Lair:5)
  12 wolves
  A necrophage (D:9)
  18 porcupines
  23 nagas
  2 phantoms
  36 orc warriors
  10 ice beasts
  5 giant goldfish
  A slave (D:7)
  4 sky beasts
  2 yellow wasps
  12 ogres
  3 black bears
  13 crocodiles
  15 centaurs
  3 big kobolds
  2 boring beetles
  Sigmund (D:5)
  13 giant slugs
  A yaktaur skeleton (D:14)
  Blork the orc (D:6)
  22 giant frogs
  A brain worm (D:14)
  3 cyclops zombies
  An eye of draining (shapeshifter) (D:15)
  A boulder beetle zombie (D:15)
  An eye of draining (D:14)
  4 scorpions
  A water moccasin skeleton (D:6)
  6 killer bees (D:7)
  5 electric eels
  5 goliath beetles
  A quasit (D:8)
  5 wights (D:6)
  7 jellies
  6 crimson imps
  Crazy Yiuf (D:5)
  31 orc priests
  A two-headed ogre zombie (D:14)
  11 iguanas
  5 big fish
  12 worker ants
  16 orc wizards
  38 sheep
  8 hounds
  Ijyb (D:7)
  A mummy (D:13)
  3 gnolls (D:2)
  26 adders
  69 green rats
  A shadow imp (D:12)
  4 giant mites
  4 white imps (D:15)
  5 worms
  An ufetubus (D:11)
  An iguana skeleton (D:6)
  3 orc zombies
  An adder skeleton (D:5)
  An adder zombie (D:8)
  An orc skeleton (D:4)
  3 giant eyeballs
  3 giant geckos
  6 oozes
  152 orcs
  22 bats
  A bat skeleton (D:6)
  20 goblins
  25 hobgoblins
  26 jackals
  31 kobolds
  16 quokkas
  27 ball pythons
  18 giant cockroaches
  3 giant newts
  A jackal zombie (D:6)
  A quokka skeleton (D:6)
  26 rats
  5 ballistomycetes
  17 fungi
  8 plants
1244 creatures vanquished.

Vanquished Creatures (collateral kills)
  4 hydras
  A komodo dragon (D:11)
  A centaur (D:11)
6 creatures vanquished.

Vanquished Creatures (others)
  2 giant spores
  A quokka (Lair:1)
  19 fungi
  21 plants
43 creatures vanquished.

Grand Total: 1293 creatures vanquished

Notes
Turn   | Place    | Note
--------------------------------------------------------------
     0 | D:1      | Infinimo, the Minotaur Berserker, began the quest for the Orb.
     0 | D:1      | Reached XP level 1. HP: 19/19 MP: 1/1
   193 | D:1      | HP: 1/20 [hobgoblin (2)]
   621 | D:1      | Reached XP level 2. HP: 22/27 MP: 1/1
   737 | D:1      | Reached skill level 4 in Axes
  1049 | D:1      | Acquired Trog's second power
  1449 | D:2      | Reached XP level 3. HP: 33/33 MP: 2/2
  2088 | D:2      | Reached XP level 4. HP: 41/41 MP: 2/2
  2615 | D:3      | Reached skill level 5 in Axes
  2831 | D:3      | Reached XP level 5. HP: 36/47 MP: 2/2
  2849 | D:3      | Reached skill level 5 in Fighting
  3209 | D:3      | Acquired Trog's third power
  3307 | D:3      | Noticed an orc warrior
  3313 | D:3      | Killed an orc warrior
  3313 | D:3      | Reached skill level 6 in Axes
  3313 | D:3      | Reached XP level 6. HP: 56/56 MP: 3/3
  3780 | D:4      | Found Clelog Phoash's Weapon Shoppe.
  3869 | D:4      | Found a blossoming altar of Fedhas.
  3932 | D:4      | Reached skill level 7 in Axes
  3932 | D:4      | Reached skill level 5 in Armour
  4048 | D:4      | Reached XP level 7. HP: 51/62 MP: 3/3
  4472 | D:5      | Entered Level 5 of the Dungeon
  4523 | D:5      | Noticed Sigmund
  4548 | D:5      | Killed Sigmund
  4709 | D:5      | Noticed Crazy Yiuf
  4719 | D:5      | Killed Crazy Yiuf
  4796 | D:5      | Noticed Grinder
  4804 | D:5      | Killed Grinder
  4804 | D:5      | Reached skill level 8 in Axes
  4804 | D:5      | Reached XP level 8. HP: 71/71 MP: 3/3
  4816 | D:5      | Noticed Prince Ribbit
  4996 | D:5      | Found a snail-covered altar of Cheibriados.
  5047 | D:5      | Killed Prince Ribbit
  5047 | D:5      | Reached skill level 9 in Axes
  5259 | D:6      | Noticed Blork the orc
  5268 | D:6      | Killed Blork the orc
  5352 | D:6      | Found a glowing drain.
  5403 | Sewer    | Entered a sewer
  5512 | Sewer    | Received a gift from Trog
  5574 | D:6      | Noticed Edmund
  5588 | D:6      | Killed Edmund
  5638 | D:6      | Got an ancient steel ring
  5705 | D:6      | Reached skill level 10 in Axes
  5803 | D:6      | Reached XP level 9. HP: 66/81 MP: 4/4
  5857 | D:6      | Found a staircase to the Ecumenical Temple.
  6287 | D:7      | Reached skill level 11 in Axes
  6423 | D:7      | Noticed Pikel
  6432 | D:7      | Killed Pikel
  6705 | D:7      | Noticed Ijyb
  6712 | D:7      | Killed Ijyb
  6726 | D:7      | Paralysed by a giant eyeball for 2 turns
  6735 | D:7      | Identified the cursed ring "Soplohem" {rN+ AC+3 Str-3} (You found it on level 6 of the Dungeon)
  6937 | D:8      | Noticed Erolcha
  6944 | D:8      | Killed Erolcha
  6944 | D:8      | Reached skill level 12 in Axes
  6950 | D:8      | Reached XP level 10. HP: 91/91 MP: 4/4
  7575 | D:8      | Received a gift from Trog
  7666 | D:9      | Reached skill level 10 in Fighting
  7677 | D:9      | Reached skill level 13 in Axes
  7975 | D:9      | Found a staircase to the Lair.
  8151 | D:9      | Found a burning altar of Makhleb.
  8158 | D:9      | Found a bloodstained altar of Trog.
  8572 | D:9      | You fall through a shaft for 2 floors!
  8607 | D:11     | Killed an unseen horror
  8607 | D:11     | Reached skill level 10 in Armour
  8622 | D:11     | Reached skill level 14 in Axes
  8737 | D:11     | Reached XP level 11. HP: 61/101 MP: 4/4
  8779 | D:11     | Noticed a hill giant
  8797 | D:11     | Noticed a five-headed hydra
  8982 | D:11     | Killed an unseen horror
  9160 | D:10     | Entered Level 10 of the Dungeon
  9285 | D:10     | Noticed a hill giant
  9698 | D:10     | Noticed a hill giant
  9764 | D:10     | Found a flagged portal.
  9774 | Bailey   | Entered a bailey
 10095 | D:10     | Noticed Sonja
 10102 | D:10     | Killed Sonja
 10244 | D:10     | Received a gift from Trog
 10340 | D:10     | Found a staircase to the Orcish Mines.
 10364 | D:10     | Reached skill level 15 in Axes
 10542 | D:10     | Killed a hill giant
 10671 | D:10     | Killed a hill giant
 10917 | Lair:1   | Entered Level 1 of the Lair of Beasts
 11229 | Lair:1   | Received a gift from Trog
 12384 | Lair:2   | Got an ancient platinum ring
 12483 | Lair:2   | Reached skill level 16 in Axes
 12593 | Lair:2   | Reached XP level 12. HP: 91/112 MP: 1/5
 12594 | Lair:2   | Received a gift from Trog
 12722 | Lair:2   | Identified the ring "Khuiv" {Hunger Dex+4 Acc+5} (You found it on level 2 of the Lair of Beasts)
 13300 | Lair:3   | Found a staircase to the Snake Pit.
 13765 | Lair:3   | Received a gift from Trog
 15064 | Lair:4   | Identified a scroll of acquirement
 15184 | Lair:4   | Received a gift from Trog
 15268 | Lair:4   | You fall through a shaft for 2 floors!
 15663 | Lair:5   | Reached skill level 17 in Axes
 16306 | Lair:5   | Found a staircase to the Swamp.
 16528 | Lair:6   | Found an ancient bone altar of Kikubaaqudgha.
 16579 | Lair:6   | Found a staircase to the Slime Pits.
 16623 | Lair:6   | Noticed a six-headed hydra
 16631 | Lair:6   | Killed a seven-headed hydra
 17268 | Lair:6   | Received a gift from Trog
 17317 | Lair:6   | Noticed a six-headed hydra
 17323 | Lair:6   | Killed a seven-headed hydra
 17323 | Lair:6   | Reached skill level 18 in Axes
 17667 | Lair:7   | Reached XP level 13. HP: 112/122 MP: 1/5
 18915 | Lair:7   | Received a gift from Trog
 19646 | Lair:8   | Entered Level 8 of the Lair of Beasts
 19681 | Lair:8   | Reached skill level 19 in Axes
 20640 | Lair:8   | Reached skill level 20 in Axes
 21098 | Lair:8   | Received a gift from Trog
 21572 | Lair:8   | Got a smelly scale mail
 21843 | Lair:8   | Identified the cursed -5 scale mail "Vocrig" {MR++ Dam+3} (You found it on level 8 of the Lair of Beasts)
 22774 | Lair:8   | Reached skill level 21 in Axes
 22959 | Lair:8   | Reached XP level 14. HP: 89/129 MP: 1/5
 23908 | D:11     | Killed a hill giant
 23908 | D:11     | Received a gift from Trog
 24071 | D:11     | Killed a five-headed hydra
 24278 | D:11     | Noticed Psyche
 24285 | D:11     | Killed Psyche
 24468 | D:11     | Found a shadowy altar of Dithmenos.
 25453 | Orc:1    | Entered Level 1 of the Orcish Mines
 25461 | Orc:1    | Received a gift from Trog
 25597 | Orc:1    | Reached skill level 22 in Axes
 26009 | Orc:2    | Found Nulupop's Magic Scroll Emporium.
 26027 | Orc:2    | Bought a scroll of identify for 30 gold pieces
 26032 | Orc:2    | Found a frozen archway.
 26138 | IceCv    | Entered an ice cave
 26505 | Orc:3    | Found a staircase to the Elven Halls.
 27066 | Orc:2    | Received a gift from Trog
 27204 | Orc:1    | Found a radiant altar of Vehumet.
 27204 | Orc:1    | Noticed Snorg
 27219 | Orc:1    | Killed Snorg
 27516 | Orc:1    | Found Bruawoat's Food Boutique.
 27604 | Orc:4    | Entered Level 4 of the Orcish Mines
 27681 | Orc:4    | Found Kaahaara's Magic Scroll Shoppe.
 27831 | Orc:4    | Received a gift from Trog
 28182 | Orc:4    | Bought a scroll of identify for 26 gold pieces
 28183 | Orc:4    | Bought 3 scrolls of teleportation for 117 gold pieces
 29389 | Orc:4    | Received a gift from Trog
 29438 | Orc:4    | Found Nics' Gadget Boutique.
 29438 | Orc:4    | Found Klid's Jewellery Shop.
 29438 | Orc:4    | Found Rusocuuxt's Assorted Antiques.
 29818 | Orc:4    | Reached skill level 23 in Axes
 29885 | Orc:4    | Found Cuhio's Antique Weapon Shop.
 29899 | Orc:4    | Bought an uncursed ring of poison resistance for 260 gold pieces
 29914 | Orc:4    | Bought a wand of heal wounds (3) for 672 gold pieces
 30205 | Orc:4    | Bought a scroll of enchant weapon II for 71 gold pieces
 30205 | Orc:4    | Bought a scroll of enchant weapon II for 71 gold pieces
 30265 | Orc:2    | Bought a scroll of enchant weapon III for 300 gold pieces
 31332 | D:13     | Gained mutation: Your muscles are strong. (Str +2) [potion of beneficial mutation]
 31401 | D:13     | Received a gift from Trog
 31799 | D:14     | Paralysed by a wizard for 5 turns
 31813 | D:14     | Reached XP level 15. HP: 136/136 MP: 6/6
 31818 | D:14     | Found a gate to the Vaults.
 32020 | D:15     | Entered Level 15 of the Dungeon
 32020 | D:15     | Found Udaq's Antique Weapon Shoppe.
 32034 | D:15     | Received a gift from Trog
 32277 | D:15     | Noticed Nergalle
 32287 | D:15     | Killed Nergalle
 32826 | D:15     | Found a staircase to the Depths.
 33178 | Snake:1  | Entered Level 1 of the Snake Pit
 33602 | Snake:1  | Reached skill level 24 in Axes
 33681 | Snake:1  | Found Prikhiul's Armour Shop.
 33690 | Snake:1  | Bought a +1 plate armour of magic resistance for 630 gold pieces
 33690 | Snake:1  | Bought a +0 pair of gloves of strength for 207 gold pieces
 33854 | Snake:1  | Received a gift from Trog
 34309 | Snake:2  | Noticed Agnes
 34315 | Snake:2  | Killed Agnes
 34392 | Snake:2  | Noticed Vashnia
 34876 | Snake:2  | Killed Vashnia
 35001 | Snake:2  | Reached XP level 16. HP: 147/147 MP: 6/6
 35617 | Snake:3  | Noticed Rupert
 35632 | Snake:3  | Killed Rupert
 35632 | Snake:3  | Reached skill level 15 in Fighting
 35710 | Snake:3  | Received a gift from Trog
 36043 | Snake:3  | Reached skill level 25 in Axes
 36265 | Snake:4  | Noticed Mara
 36266 | Snake:4  | Noticed Infinimo's illusion
 36278 | Snake:4  | Killed from afar by Mara (illusionary)

Action                   |  1- 3 |  4- 6 |  7- 9 | 10-12 | 13-15 | 16-18 || total
-------------------------+-------+-------+-------+-------+-------+-------++-------
Melee: Hand axe          |   103 |   139 |   220 |       |       |       ||   462
       Battleaxe         |       |       |   107 |   295 |       |       ||   402
       Executioner's axe |       |       |       |   664 |  1551 |   126 ||  2341
Invok: Berserk           |     1 |     2 |     8 |     4 |    10 |     2 ||    27
       Trog's Hand       |       |       |       |     1 |     1 |       ||     2
       Brothers in Arms  |       |       |       |     2 |     2 |       ||     4
Evoke: Wand              |       |       |     2 |     7 |     1 |       ||    10
  Use: Scroll            |     1 |     7 |     7 |    19 |    31 |     1 ||    66
       Potion            |       |       |       |       |     5 |       ||     5
 Stab: Fleeing           |       |       |       |     1 |       |       ||     1
       Distracted        |       |       |       |       |     2 |       ||     2
